 Dungeon Crawl Stone Soup version 0.24.0-28-g17ded55e90 (webtiles) character file.

Game seed: 17252470016652814799, levelgen mode: deterministic

288 Delamore the Cleaver (level 6, -4/51 HPs)
             Began as a Hill Orc Monk on Nov 11, 2019.
             Slain by Blork the orc
             ... wielding a +2 glaive of protection
              (10 damage)
             ... on level 4 of the Dungeon.
             The game lasted 00:04:51 (3149 turns).

Delamore the Cleaver (Hill Orc Monk)                Turns: 3149, Time: 00:04:51

Health: -4/51      AC:  8    Str: 16    XL:     6   Next: 31%
Magic:  6/6        EV:  6    Int: 10    God:
Gold:   106        SH:  0    Dex: 13    Spells: 5/5 levels left

rFire    . . .     SeeInvis .   a - +0 hand axe
rCold    . . .     Gourm    .   i - +3 buckler
rNeg     . . .     Faith    .   h - +0 chain mail
rPois    .         Spirit   .   (no helmet)
rElec    .         Reflect  .   (no cloak)
rCorr    .         Harm     .   (no gloves)
MR       .....                  (no boots)
Stlth    ..........             m - amulet of magic regeneration
HPRegen  0.17/turn              (no ring)
MPRegen  0.35/turn              (no ring)

@: confused
A: no striking features
a: no special abilities


You were on level 4 of the Dungeon.
You were very hungry.

You visited 1 branch of the dungeon, and saw 4 of its levels.

You collected 106 gold pieces.

Inventory:

Hand Weapons
 a - a +0 hand axe (weapon)
Missiles
 e - 4 atropa-tipped darts (quivered)
 g - a throwing net
Armour
 h - a +0 chain mail (worn)
 i - a +3 buckler (worn)
Jewellery
 m - an amulet of magic regeneration (around neck)
Scrolls
 d - a scroll of random uselessness
 j - a scroll of enchant armour
 l - a scroll of identify
 n - 2 scrolls of remove curse
 p - a scroll of blinking
 q - 4 scrolls of teleportation
 r - a scroll of amnesia
Potions
 b - a potion of cancellation {unknown}
 f - a potion of brilliance {unknown}
 k - a potion of magic {unknown}
 o - a potion of flight {unknown}
Comestibles
 c - 5 rations


   Skills:
 - Level 3.6 Fighting
 + Level 9.1 Axes
 - Level 2.4 Dodging
 - Level 1.5 Stealth


You had 5 spell levels left.
You didn't know any spells.
Your spell library was empty.

Dungeon Overview and Level Annotations

Branches:
Dungeon (4/15)
 Temple: D:4-7

Altars:
Okawaru

Annotations:
D:4 Blork the orc


Message History

Blork the orc hits you from afar with a +2 glaive of protection.
The orc hits you but does no damage. Something hits you but does no damage.
The orc wizard casts a spell.
The orc wizard blinks!
You barely miss something.
Blork the orc hits you from afar with a +2 glaive of protection.
There is a stone staircase leading down here.
You completely miss something. Blork the orc completely misses you.
Something hits you but does no damage.
Blork the orc hits you from afar with a +2 glaive of protection.
The orc wizard points at you and mumbles some strange words.
The magic dart hits you!
* * * LOW HITPOINT WARNING * * *
You hear some strange, mumbled words.
A puff of flame appears from out of thin air!
The puff of flame hits you!
* * * LOW HITPOINT WARNING * * *
You're too confused!
Blork the orc hits you from afar with a +2 glaive of protection!
You die...

#...........>.
#.............
####............
####..#...†........
##.....o#...........
##.......##o.<.......
##........##..........
##.........##§.........
#<......@.o##.#......<.
##.......>oo)..........
#.....................
##....................
##...................
####......###....
###...## .... ..### ...
..## ..


You could see Blork the orc, 2 orc wizards and an orc.

Vanquished Creatures
  2 phantoms
  4 gnolls (D:2)
  An adder (D:3)
  A howler monkey skeleton (D:4)
  An ooze (D:1)
  A worm (D:2)
  5 leopard geckos
  2 orcs
  4 giant cockroaches
  3 goblins
  7 hobgoblins
  5 jackals
  3 kobolds
  2 bats (D:3)
  4 frilled lizards
  A leopard gecko skeleton (D:3)
  4 rats (D:1)
50 creatures vanquished.

Notes
Turn   | Place    | Note
-------+----------+-------------------------------------------
     0 | D:1      | Delamore the Hill Orc Monk began the quest for the Orb.
     0 | D:1      | Reached XP level 1. HP: 19/19 MP: 1/1
    86 | D:1      | Reached XP level 2. HP: 23/26 MP: 2/2
   288 | D:1      | Reached skill level 5 in Axes
   426 | D:1      | Reached XP level 3. HP: 28/31 MP: 3/3
  1805 | D:2      | Reached skill level 6 in Axes
  1890 | D:2      | Reached XP level 4. HP: 18/39 MP: 4/4
  2161 | D:3      | Found an iron altar of Okawaru.
  2231 | D:3      | Reached skill level 7 in Axes
  2498 | D:3      | Noticed a phantom
  2569 | D:3      | Killed a phantom
  2569 | D:3      | Reached skill level 8 in Axes
  2569 | D:3      | Reached XP level 5. HP: 11/45 MP: 5/5
  3078 | D:4      | Noticed Blork the orc
  3094 | D:4      | Noticed a phantom
  3119 | D:4      | Killed a phantom
  3119 | D:4      | Reached skill level 9 in Axes
  3119 | D:4      | Reached XP level 6. HP: 43/51 MP: 6/6
  3149 | D:4      | Slain by Blork the orc

Levels and vault maps discovered:
D:1:      minmay_arrival_open_corners, layout_loops_ring, minmay_tripent
D:2:      layout_basic
D:3:      layout_loops_ring, okawaru_trees_1
D:4:      layout_cave_pods, serial_shops, shop, minivault_26, uniq_blork_the_orc

Skill      XL: |  1  2  3  4  5 |
---------------+----------------+-----
Axes           | 5 6 8 9 |  9.1
Fighting       | |  3.6
Dodging        | |  2.4
Stealth        | |  1.5

Action                   |  1- 3 |  4- 6 || total
-------------------------+-------+-------++-------
Melee: Hand axe          |   128 |   149 ||   277
  Use: Scroll            |     6 |       ||     6
 Stab: Sleeping          |     3 |       ||     3
  Eat: Chunk             |     1 |     5 ||     6
Armor: Robe              |     2 |       ||     2
       Chain mail        |    29 |    54 ||    83
       Leather armour    |     2 |       ||     2
Dodge: Dodged            |    52 |    46 ||    98
Block: Buckler           |    15 |    25 ||    40
